 Dungeon Crawl Stone Soup version 0.31.0-11-ge490571c62 (webtiles) character file.

Game seed: 17982666054838734063

27 qw the Shooter (level 2, -2/14 HPs)
             Began as a Spriggan Hunter on Feb 4, 2024.
             Slain by Robin
             ... wielding a +3 spectral club
              (7 damage)
             ... on level 2 of the Dungeon.
             The game lasted 00:00:03 (772 turns).

qw the Shooter (Spriggan Hunter)                     Turns: 772, Time: 00:00:03

Health: -2/14      AC:  2    Str:  7    XL:     2   Next: 93%
Magic:  3/3        EV: 19    Int: 10    God:
Gold:   130        SH:  0    Dex: 18    Spells: 1/1 levels left

rFire   . . .        a - +0 shortbow
rCold   . . .        (shield currently unavailable)
rNeg    . . .        c - +0 robe
rPois   .            (helmet restricted)
rElec   .            g - scarf {repulsion}
rCorr   .            (gloves unavailable)
SInv    +            (boots unavailable)
Will    .....        (no amulet)
Stlth   ++           (no ring)
HPRegen 0.22/turn    (no ring)
MPRegen 0.08/turn

%: repel missiles
@: very quick
A: very small, no large weapons, unfitting armour, see invisible, speed 3
a: no special abilities


You were on level 2 of the Dungeon.
You visited 1 branch of the dungeon, and saw 2 of its levels.

You collected 130 gold pieces.


Innate Abilities, Weirdness & Mutations

You are very small and have problems with some larger weapons.
You are too small for most types of armour.
You have supernaturally acute eyesight. (SInv)
You cover ground extremely quickly. (Speed+++)


   Skills:
 - Level 1.5 Fighting
 + Level 4.3 Ranged Weapons
 - Level 4.0 Dodging
 - Level 1.5 Stealth


You had one spell level left.
You didn't know any spells.
Your spell library was empty.

Inventory:

Hand Weapons
 a - a +0 shortbow (weapon)
Armour
 c - a +0 robe (worn)
 g - a scarf of repulsion (worn)
Potions
 d - a potion of cancellation {unknown}
 e - a potion of degeneration {unknown}
 i - a potion of curing {unknown}

Dungeon Overview and Level Annotations

Branches:
Dungeon (2/15)

Altars:

Annotations:
D:2 Robin


Message History

Robin of the Strong Arm comes into view.
They are wielding a +3 spectral club.
Robin says, "A pitiful Spriggan like you will never find the ORB!"
A hobgoblin comes into view.
760 ||| RETREEEEATING.
Robin says, "A pitiful Spriggan like you will never find the ORB!"
Robin roars a battlecry!
The goblins go into a battle-frenzy!
You hear a shout! x2
762 ||| RETREEEEATING.
You shoot an arrow. The arrow hits the goblin.
The goblin is severely wounded.
The goblin closely misses you.
You shoot an arrow. The arrow hits the goblin!
You kill the goblin!
You shoot an arrow.
The arrow hits the goblin but does no damage.
The goblin closely misses you.
You shoot an arrow. The arrow barely misses the goblin.
The goblin hits you with a +0 club.
You shoot an arrow. The arrow closely misses the goblin.
The goblin closely misses you.
You shoot an arrow. The arrow closely misses the goblin.
You shoot an arrow. The arrow closely misses the goblin.
You hear a shout!
The goblin barely misses you.
Robin roars a battlecry!
The goblin closely misses you.
You hear a shout! x2
You shoot an arrow. The arrow hits Robin.
Robin is moderately wounded.
Robin hits you with a +3 spectral club. The goblin hits you with a +0 club.
You shoot an arrow. The arrow hits Robin.
Robin is moderately wounded.
Robin hits you with a +3 spectral club. The goblin barely misses you.
You shoot an arrow. The arrow hits Robin!
Robin is almost dead.
Robin hits you with a +3 spectral club!
Ouch! That really hurt!
You die...
Robin lets out a smug laugh.

.# #.# .# #.# .# ##.## .#
#...# .# #...####### ##
#.........# .
#####....####.# gg
#...........#.#######.##.
...........%....@#..gg...
#...........#.##ggg#
#####....####.######
#.........# #.#.#######
#..... ##.#.# #.


You could see Robin and 2 goblins.

Vanquished Creatures
  A dart slug (D:1)
  A bat (D:1)
  3 endoplasms
  A giant cockroach (D:2)
  3 goblins
  A hobgoblin (D:2)
  2 jackals (D:1)
  4 kobolds (D:1)
  A quokka (D:1)
  A ball python (D:1)
  3 frilled lizards (D:1)
  A rat (D:1)
22 creatures vanquished.

Notes
Turn   | Place    | Note
-------+----------+-------------------------------------------
     0 | D:1      | qw the Spriggan Hunter began the quest for the Orb.
     0 | D:1      | Reached XP level 1. HP: 10/10 MP: 2/2
     0 | D:1      | 0 ||| qw: Version: 0.3-a-160-g6735b56
     0 | D:1      | 0 ||| qw: Game counter: 4696
     0 | D:1      | 0 ||| qw: Melee chars always use a shield: true
     0 | D:1      | 0 ||| qw: God list: Okawaru
     0 | D:1      | 0 ||| qw: Allow faded altars: false
     0 | D:1      | 0 ||| qw: Do Orc after clearing Dungeon:15 true
     0 | D:1      | 0 ||| qw: Do second Lair branch before Depths: true
     0 | D:1      | 0 ||| qw: Lair rune preference: random
     0 | D:1      | 0 ||| qw: Goals: Normal
     0 | D:1      | 0 ||| PLANNING D:1-11
    48 | D:1      | Reached skill level 3 in Dodging
   188 | D:1      | Reached XP level 2. HP: 14/14 MP: 3/3
   608 | D:1      | 608 ||| UPGRADING to scarf of repulsion.
   613 | D:1      | 613 ||| READING scroll labelled MACWUU VOWADAV.
   614 | D:1      | 614 ||| DRINKING 2 glowing red potions.
   615 | D:1      | 615 ||| DROPPING scroll of butterflies.
   616 | D:1      | 616 ||| DROPPING potion of brilliance.
   756 | D:2      | 756 ||| RETREEEEATING.
   759 | D:2      | Noticed Robin
   760 | D:2      | 760 ||| RETREEEEATING.
   762 | D:2      | 762 ||| RETREEEEATING.
   772 | D:2      | Slain by Robin

Levels and vault maps discovered:
D:1:      mainiacjoe_arrival_oval_in_oval, layout_basic, serial_glass,
          glass_columns_a, glass_columns_b, due_unseen_surprise,
          item_on_display_a, item_on_display_b, item_on_display_a
D:2:      layout_loops_cross, uniq_robin, uniq_jessica, uniq_sigmund

Skill      XL: |  1  2 |
---------------+-------+-----
Dodging        | 3 4 |  4.0
Fighting       | |  1.5
Ranged Weapons | |  4.3
Stealth        | |  1.5

Action                     || total
---------------------------++-------
   Fire: Shortbow          ||    67
    Use: Scroll            ||     1
         Potion            ||     1
 Armour: Robe              ||     7
  Dodge: Dodged            ||    19

Table legend:
 A = Non-vault XP
 B = Vault XP
 C = Vault XP percentage of total XP
 D = Non-vault monster count
 E = Vault monster count
 F = Vault count percentage of total count
                 A         B        C        D         E       F
            +---------+---------+-------+---------+---------+-------
      Total |      37 |       2 |   5.1 |      21 |       1 |   4.5
            +---------+---------+-------+---------+---------+-------
        D:1 |      29 |       0 |   0.0 |      17 |       0 |   0.0
        D:2 |       8 |       2 |  20.0 |       4 |       1 |  20.0
            +---------+---------+-------+---------+---------+-------
